 Dungeon Crawl Stone Soup version 0.30-b1-2-g02819fbbbe (webtiles) character file.

Game seed: 12491050059875914627

312 maniek23 the Vexing (level 6, -3/47 HPs)
             Began as a Gnoll Hexslinger on July 26, 2023.
             Slain by Menkaure (10 damage)
             ... on level 4 of the Dungeon.
             The game lasted 00:13:24 (3390 turns).

maniek23 the Vexing (Gnoll Hexslinger)              Turns: 3390, Time: 00:13:25

Health: -3/47      AC:  7    Str:  9    XL:     6   Next: 42%
Magic:  9/11       EV: 13    Int: 12    God:
Gold:   213        SH:  0    Dex: 15    Spells: 11/12 levels left

rFire   . . .        b - +2 dagger (drain)
rCold   . . .        (no shield)
rNeg    . . .        v - +3 leather armour
rPois   .            (no helmet)
rElec   .            y - +0 cloak
rCorr   .            (no gloves)
SInv    .            (no boots)
Will    .....        (no amulet)
Stlth   ++           (no ring)
HPRegen 0.27/turn    (no ring)
MPRegen 0.12/turn

%: no passive effects
@: no status effects
A: fangs 1, strong nose, distributed training
a: no special abilities


You were on level 4 of the Dungeon.
You visited 1 branch of the dungeon, and saw 4 of its levels.

You collected 213 gold pieces.

Inventory:

Hand Weapons
 a - a +1 sling
 b - a +2 dagger of draining (weapon)
 o - a +3 dagger
Armour
 c - a +0 robe
 e - a scarf of resistance
 v - a +3 leather armour (worn)
 y - a +0 cloak (worn)
Magical Staves
 k - a staff of cold
Jewellery
 l - a +6 ring of strength
 m - an amulet of the acrobat
 q - a ring of protection from fire
Wands
 x - a wand of paralysis (4)
Scrolls
 g - a scroll of torment {unknown}
 i - 3 scrolls of poison
 j - 2 scrolls of amnesia {unknown}
 p - 2 scrolls of identify {unknown}
 r - 4 scrolls of magic mapping {unknown}
 s - a scroll of teleportation {unknown}
 t - a scroll of fog {unknown}
 w - a scroll of summoning {unknown}
Potions
 d - a potion of curing
 f - 2 potions of degeneration {unknown}
 h - a potion of lignification {unknown}
 n - a potion of flight {unknown}
 u - a potion of haste {unknown}
 z - a potion of brilliance {unknown}


   Skills:
 + Level 3.3 Fighting
 + Level 2.0 Short Blades
 + Level 2.0 Long Blades
 + Level 2.0 Axes
 + Level 2.0 Maces & Flails
 + Level 2.0 Polearms
 + Level 2.0 Staves
 + Level 5.0 Ranged Weapons
 + Level 2.0 Throwing
 + Level 2.0 Armour
 + Level 5.0 Dodging
 + Level 2.0 Stealth
 + Level 2.0 Shields
 + Level 2.0 Unarmed Combat
 + Level 3.5 Spellcasting
 + Level 1.6 Conjurations
 + Level 5.7 Hexes
 + Level 1.6 Summonings
 + Level 1.6 Necromancy
 + Level 1.6 Translocations
 + Level 1.6 Transmutations
 + Level 1.6 Fire Magic
 + Level 1.6 Ice Magic
 + Level 1.6 Air Magic
 + Level 1.6 Earth Magic
 + Level 1.6 Poison Magic
 + Level 2.2 Invocations
 + Level 2.0 Evocations


You had 11 spell levels left.
You knew the following spells:

 Your Spells              Type           Power      Damage    Failure   Level
a - Slow                  Hex            60%        N/A       3%          1

Your spell library contained the following spells:

 Spells                   Type           Power      Damage    Failure   Level
 Ensorcelled Hibernation  Hex/Ice        20%        N/A       11%         2
 Inner Flame              Hex/Fire       10%        N/A       22%         3
 Portal Projectile        Hex/Tloc       20%        N/A       22%         3
 Cause Fear               Hex            7%         N/A       30%         4
 Spider Form              Tmut/Pois      6%         N/A       43%         3
 Anguish                  Hex/Necr       5%         N/A       56%         4
 Leda's Liquefaction      Hex/Erth       5%         N/A       56%         4
 Lee's Rapid Deconstruct  Erth           3%         3d5*      99%         5
 Statue Form              Tmut/Erth      4%         N/A       100%        6


Dungeon Overview and Level Annotations

Branches:
Dungeon (4/15)
 Temple: D:4-7

Altars:
The Shining One

Shops:
D:3 (

Annotations:
D:4 Menkaure


Innate Abilities, Weirdness & Mutations

You have very sharp teeth.
Your uncanny sense of smell can sniff out nearby items.
Your experience applies equally to all skills.


Message History

You hit Menkaure.
Menkaure is severely damaged.
Menkaure misses you.
You hit Menkaure.
Menkaure is severely damaged.
Menkaure closely misses you.
You hit Menkaure but do no damage.
Menkaure is severely damaged.
Menkaure barely misses you.
You barely miss Menkaure. You punch Menkaure, but do no damage.
Menkaure is severely damaged.
Menkaure hits you!
You hit Menkaure but do no damage.
Menkaure is severely damaged.
Menkaure calls on the powers of darkness!
Your body is wracked with pain!
* * * LOW HITPOINT WARNING * * *
You feel better. Menkaure breathes soot at you.
Menkaure hits you but does no damage.
Aiming: Slow (safe; 3% risk of failure)
Press: ? - help, Q - select action, (/) - cycle Shift-Dir - straight line, f/p - Menkaure
Aim: Menkaure (severely damaged, fast, chance to affect: 49%) Menkaure resists with some effort.
Menkaure closely misses you. Menkaure hits you!
* * * LOW HITPOINT WARNING * * *
You feel better.
Menkaure mumbles, "Let me perform the rites..."
Menkaure barely misses you.
Aiming: Slow (safe; 3% risk of failure)
Press: ? - help, Q - select action, (/) - cycle Shift-Dir - straight line, f/p - Menkaure
Aim: Menkaure (severely damaged, fast, chance to affect: 49%) Menkaure resists with some effort.
Menkaure gestures at you while chanting.
Pain shoots through your body!
* * * LOW HITPOINT WARNING * * *
You hit Menkaure.
Menkaure is severely damaged.
Menkaure hits you!
You die...

##..# ....# ##[## #
##.... #..## ##
#..... ##..## ##.
#.....# ##..# ###..
#...... #..##
##.... .......##
##..###.....
........##
##......... #M@.##
#.........#
##...####........##
#...##.......#....
##<....####..###..
#..#### #..#####
#.## #...# #..#
##..# #..## #..#
#..# #.>#


You could see Menkaure (fast).

Vanquished Creatures
  Eustachio (D:3)
  Jessica (D:2)
  Terence (D:2)
  An orc wizard (D:2)
  3 adders
  A worm (D:2)
  2 dart slugs
  4 orcs (D:3)
  3 ball pythons
  4 endoplasms
  A giant cockroach (D:3)
  3 goblins
  6 hobgoblins
  2 jackals (D:1)
  5 kobolds
  9 quokkas
  7 bats
  A frilled lizard (D:2)
  5 rats
60 creatures vanquished.

Notes
Turn   | Place    | Note
-------+----------+-------------------------------------------
     0 | D:1      | maniek23 the Gnoll Hexslinger began the quest for the Orb.
     0 | D:1      | Reached XP level 1. HP: 17/17 MP: 4/4
    62 | D:1      | Reached XP level 2. HP: 23/23 MP: 5/5
   121 | D:1      | Found a faded altar of an unknown god.
   456 | D:1      | Reached XP level 3. HP: 28/28 MP: 7/7
   830 | D:2      | Reached skill level 1 in Invocations
  1065 | D:2      | Reached skill level 1 in Short Blades
  1065 | D:2      | Reached skill level 1 in Long Blades
  1065 | D:2      | Reached skill level 1 in Axes
  1065 | D:2      | Reached skill level 1 in Maces & Flails
  1065 | D:2      | Reached skill level 1 in Polearms
  1065 | D:2      | Reached skill level 1 in Staves
  1065 | D:2      | Reached skill level 1 in Throwing
  1065 | D:2      | Reached skill level 1 in Armour
  1065 | D:2      | Reached skill level 1 in Stealth
  1065 | D:2      | Reached skill level 1 in Shields
  1065 | D:2      | Reached skill level 1 in Unarmed Combat
  1065 | D:2      | Reached skill level 1 in Evocations
  1160 | D:2      | Noticed Terence
  1295 | D:2      | Noticed Jessica
  1309 | D:2      | Killed Jessica
  1310 | D:2      | Reached XP level 4. HP: 29/34 MP: 6/8
  1410 | D:2      | Reached skill level 1 in Conjurations
  1410 | D:2      | Reached skill level 1 in Summonings
  1410 | D:2      | Reached skill level 1 in Necromancy
  1410 | D:2      | Reached skill level 1 in Translocations
  1410 | D:2      | Reached skill level 1 in Transmutations
  1410 | D:2      | Reached skill level 1 in Fire Magic
  1410 | D:2      | Reached skill level 1 in Ice Magic
  1410 | D:2      | Reached skill level 1 in Air Magic
  1410 | D:2      | Reached skill level 1 in Earth Magic
  1410 | D:2      | Reached skill level 1 in Poison Magic
  1635 | D:2      | Killed Terence
  1693 | D:2      | You fall into a shaft and drop 2 floors!
  2124 | D:3      | Reached XP level 5. HP: 39/40 MP: 9/9
  2313 | D:3      | Found Pumorghive's Weapon Boutique.
  2399 | D:3      | Found a glowing golden altar of the Shining One.
  2627 | D:3      | HP: 2/41 [kobold/+0 club (2)]
  2633 | D:2      | HP: 1/41 [orc wizard/puff of flame (6)]
  3207 | D:4      | Noticed a black bear
  3218 | D:4      | Noticed Eustachio
  3253 | D:3      | Killed Eustachio
  3254 | D:3      | Reached skill level 5 in Ranged Weapons
  3254 | D:3      | Reached skill level 5 in Dodging
  3254 | D:3      | Reached XP level 6. HP: 34/47 MP: 7/11
  3372 | D:4      | Noticed Menkaure
  3390 | D:4      | Slain by Menkaure

Illustrated notes

Levels and vault maps discovered:
D:1:      co_arrival_square_in_a_square_in_a_square, layout_loops_ring,
          ebering_ecumenical_altar_webs
D:2:      layout_basic, minmay_misc_feat_more_columns, palyth_stone_intersect,
          uniq_terence, uniq_jessica
D:3:      layout_basic, nicolae_overflow_crystal_walls, serial_shops,
          nicolae_lakefront_shop
D:4:      layout_cave_pods, st_stairs_13, uniq_menkaure, uniq_eustachio

Skill      XL: |  1  2  3  4  5 |
---------------+----------------+-----
Invocations    | 1 2 |  2.2
Short Blades   | 1 2 |  2.0
Long Blades    | 1 2 |  2.0
Axes           | 1 2 |  2.0
Maces & Flails | 1 2 |  2.0
Polearms       | 1 2 |  2.0
Staves         | 1 2 |  2.0
Throwing       | 1 2 |  2.0
Armour         | 1 2 |  2.0
Stealth        | 1 2 |  2.0
Shields        | 1 2 |  2.0
Unarmed Combat | 1 2 |  2.0
Evocations     | 1 2 |  2.0
Spellcasting   | 3 |  3.5
Conjurations   | 1 |  1.6
Summonings     | 1 |  1.6
Necromancy     | 1 |  1.6
Translocations | 1 |  1.6
Transmutations | 1 |  1.6
Fire Magic     | 1 |  1.6
Ice Magic      | 1 |  1.6
Air Magic      | 1 |  1.6
Earth Magic    | 1 |  1.6
Poison Magic   | 1 |  1.6
Fighting       | 3 |  3.3
Ranged Weapons | 5 |  5.0
Dodging        | 5 |  5.0
Hexes          | |  5.7

Action                     |  1- 3 |  4- 6 || total
---------------------------+-------+-------++-------
  Melee: Dagger            |     3 |    28 ||    31
         Bite              |     1 |       ||     1
         Sling             |       |     3 ||     3
         Punch             |       |     1 ||     1
   Fire: Sling             |   141 |   128 ||   269
   Cast: Slow              |     3 |    19 ||    22
    Use: Potion            |       |     4 ||     4
 Armour: Robe              |     6 |    14 ||    20
         Leather armour    |       |     4 ||     4
  Dodge: Dodged            |    42 |   100 ||   142
